 Dungeon Crawl Stone Soup version 0.30-a0-862-g1aabd4f9c5 (webtiles) character file.

Game seed: 5545532831691683243

1209 Axe the Sneak (level 8, -2/42 HPs)
             Began as a Vine Stalker Fighter on Mar 10, 2023.
             Slain by a yak (9 damage)
             ... on level 5 of the Dungeon.
             The game lasted 00:09:44 (3462 turns).

Axe the Sneak (Vine Stalker Fighter)                Turns: 3462, Time: 00:09:44

Health: -2/42      AC:  7    Str: 19    XL:     8   Next: 45%
Magic:  0/9        EV: 10    Int:  8    God:
Gold:   314        SH:  5    Dex: 16    Spells: 7/7 levels left

rFire   . . .      SeeInvis .    a - +2 dagger (speed)
rCold   . . .      Faith    .    c - +0 buckler
rNeg    . . .      Spirit   +    h - +0 ring mail
rPois   +          Reflect  .    (no helmet)
rElec   .          Rampage  .    (no cloak)
rCorr   .                        n - +0 pair of gloves
Will    +....                    (no boots)
Stlth   +++                      (no amulet)
HPRegen 1.07/turn                e - ring of poison resistance
MPRegen 0.11/turn                (no ring)

@: no status effects
A: fangs 3, regeneration 1, magic shield, antimagic bite, no potion heal 2
a: no special abilities


You were on level 5 of the Dungeon.
You visited 1 branch of the dungeon, and saw 5 of its levels.

You collected 314 gold pieces.

Inventory:

Hand Weapons
 a - a +2 dagger of speed (weapon)
 b - a +0 sling
Missiles
 v - 5 silver javelins (quivered)
Armour
 c - a +0 buckler (worn)
 h - a +0 ring mail (worn)
 n - a +0 pair of gloves (worn)
Jewellery
 d - an amulet of magic regeneration
 e - a ring of poison resistance (left hand)
 f - a ring of flight
Scrolls
 g - 7 scrolls of identify {unknown}
 i - a scroll of torment {unknown}
 j - 2 scrolls of enchant armour {unknown}
 k - 2 scrolls of vulnerability {unknown}
 m - a scroll of teleportation {unknown}
 q - a scroll of fog {unknown}
 s - a scroll of magic mapping {unknown}
 t - a scroll of amnesia {unknown}
 u - a scroll of blinking {unknown}
Potions
 l - 4 potions of brilliance {unknown}
 o - a potion of mutation {unknown}
 p - a potion of flight {unknown}
 r - 2 potions of curing {unknown}


   Skills:
 + Level 4.7 Fighting
 + Level 4.1 Short Blades
 + Level 4.1 Armour
 * Level 6.0 Stealth
 - Level 5.0 Shields


You had 7 spell levels left.
You didn't know any spells.
Your spell library contained the following spells:

 Spells                   Type           Power      Damage    Failure   Level
 Blink                    Tloc           0%         N/A       80%         2
 Lesser Beckoning         Tloc           0%         N/A       80%         2
 Momentum Strike          Conj/Tloc      0%         3d8       80%         2
 Portal Projectile        Hex/Tloc       0%         N/A       95%         3
 Tukima's Dance           Hex            0%         N/A       95%         3
 Blade Hands              Tmut           0%         N/A       100%        5


Dungeon Overview and Level Annotations

Branches:
Dungeon (5/15)
 Temple: D:4-7

Altars:
Gozag
Makhleb
Qazlal
Ru
Vehumet
Xom
Zin
The Shining One

Annotations:
D:5 1 runed translucent door, Crazy Yiuf


Innate Abilities, Weirdness & Mutations

You have razor-sharp teeth.
Your natural rate of healing is unusually fast.
When hurt, damage is shared between your health and your magic reserves.
Your bite disrupts and absorbs the magic of your enemies.
Potions cannot restore your health.


Message History

You hit the yak but do no damage. Your bite misses the yak.
The yak is lightly wounded.
You hit the yak. You bite the yak. You drain its power.
You feel invigorated.
The yak is moderately wounded.
The yak gores you but does no damage.
You hit the yak but do no damage. You bite the yak, but do no damage.
The yak is moderately wounded.
You closely miss the yak. You bite the yak! You drain its power.
The yak is heavily wounded.
The yak gores you!
You hit the yak but do no damage.
The yak is heavily wounded.
The yak attacks as you move away! You block the yak's attack.
The yak attacks as you move away! You block the yak's attack.
You see here a yak corpse.
The yak attacks as you move away! The yak gores you!
The yak attacks as you move away! The yak gores you but does no damage.
The yak attacks as you move away! The yak gores you!
* * * LOW HITPOINT WARNING * * *
The yak attacks as you move away! The yak barely misses you.
The yak attacks as you move away! The yak gores you!
You see here a yak corpse.
The yak attacks as you move away! The yak gores you!
* * * LOW HITPOINT WARNING * * *
You see here a yak corpse.
The yak attacks as you move away! The yak gores you but does no damage.
The yak attacks as you move away! You block the yak's attack.
The yak attacks as you move away! The yak gores you but does no damage.
The yak attacks as you move away! The yak gores you!
* * * LOW HITPOINT WARNING * * *
The yak attacks as you move away! The yak gores you.
* * * LOW HITPOINT WARNING * * *
The yak attacks as you move away! The yak barely misses you.
The yak attacks as you move away! The yak gores you!
* * * LOW HITPOINT WARNING * * *
Okay, then.
You hit the yak but do no damage.
The yak is moderately wounded.
The yak gores you!
You die...

#####.#####............#
#..................#
##.<##...#####.######
#.......## #†# ####.#..##.#
#.# ..>..#.....#### #.#
######## ##............###†#
#......#
...###.###.#....#.###......#
#### #.# #.###.Y@..........#
###.# #.#####...........#
##...###........###......#
##..###....#.##...#########
#..###...###......>##
##.##.....# ####.....###
......#..## ##......#
..####..## ##.#...#
..###...# #.##..#


You could see a yak.

Vanquished Creatures
  Grinder (D:5)
  2 yaks (D:5)
  Eustachio (D:5)
  2 ice beasts
  A phantom (D:4)
  A jelly (D:5)
  2 hounds
  2 iguanas (D:5)
  A sleepcap (D:5)
  3 gnolls (D:4)
  2 adders
  An ufetubus (D:4)
  3 worms
  5 dart slugs
  4 orcs (D:3)
  6 endoplasms
  3 giant cockroaches
  6 goblins
  4 hobgoblins
  10 jackals
  2 quokkas
  6 ball pythons
  6 bats
  5 frilled lizards
  8 kobolds
  3 rats
90 creatures vanquished.

Notes
Turn   | Place    | Note
-------+----------+-------------------------------------------
     0 | D:1      | Axe the Vine Stalker Fighter began the quest for the Orb.
     0 | D:1      | Reached XP level 1. HP: 11/11 MP: 2/2
   101 | D:1      | Reached XP level 2. HP: 16/16 MP: 3/3
   211 | D:1      | Reached skill level 1 in Stealth
   550 | D:1      | Reached XP level 3. HP: 19/19 MP: 4/4
  1255 | D:2      | Gained mutation: Your natural rate of healing is unusually
                  | fast. [Vine Stalker growth]
  1255 | D:2      | Reached XP level 4. HP: 24/24 MP: 5/5
  1921 | D:4      | Noticed an angel
  1922 | D:4      | Found a glowing silver altar of Zin.
  1923 | D:4      | Found a shimmering altar of Xom.
  2011 | D:4      | Noticed an ice beast
  2086 | D:4      | Killed an ice beast
  2087 | D:4      | Reached skill level 2 in Stealth
  2087 | D:4      | Reached XP level 5. HP: 28/28 MP: 4/6
  2379 | D:4      | Reached XP level 6. HP: 30/32 MP: 5/7
  2729 | D:5      | Entered Level 5 of the Dungeon
  2748 | D:5      | Reached skill level 3 in Stealth
  2805 | D:5      | Found a radiant altar of Vehumet.
  2826 | D:5      | Found a sacrificial altar of Ru.
  2832 | D:5      | Found an opulent altar of Gozag.
  2834 | D:5      | Noticed Grinder
  2847 | D:5      | Killed Grinder
  2848 | D:5      | Reached XP level 7. HP: 37/37 MP: 8/8
  2849 | D:5      | Found a glowing golden altar of the Shining One.
  2863 | D:5      | Found a burning altar of Makhleb.
  2867 | D:5      | Found a stormy altar of Qazlal.
  2961 | D:5      | Found a runed translucent door.
  2962 | D:5      | Noticed Crazy Yiuf
  3023 | D:5      | Reached skill level 5 in Shields
  3024 | D:5      | Noticed Eustachio
  3038 | D:5      | Killed Eustachio
  3039 | D:5      | Reached skill level 4 in Stealth
  3306 | D:5      | Reached skill level 5 in Stealth
  3306 | D:5      | Gained mutation: You have razor-sharp teeth. [Vine Stalker
                  | growth]
  3306 | D:5      | Reached XP level 8. HP: 37/42 MP: 6/9
  3342 | D:5      | Noticed a yak
  3343 | D:5      | Noticed a yak
  3343 | D:5      | Noticed a yak
  3362 | D:5      | Killed a yak
  3414 | D:5      | Killed a yak
  3415 | D:5      | Reached skill level 6 in Stealth
  3462 | D:5      | Slain by a yak

Illustrated notes

Levels and vault maps discovered:
D:1:      saegor_arrival_simple_e, layout_loops_ring, grunt_decor_arrowhead,
          corexii_item_surrounded_by_moat, minmay_nonomino_d4
D:2:      layout_basic
D:3:      layout_basic
D:4:      layout_basic, grunt_temple_overflow_order_and_chaos_1,
          minmay_splitting_lines, minivault_27
D:5:      layout_rooms, nicolae_overflow_hallway_of_the_gods, uniq_grinder,
          uniq_eustachio, uniq_crazy_yiuf_cottage

Skill      XL: |  1  2  3  4  5  6  7  8 |
---------------+-------------------------+-----
Stealth        | 1 2 3 5 6 |  6.0
Short Blades   | 2 3 4 |  4.1
Shields        | 3 4 5 |  5.0
Fighting       | 3 4 |  4.7
Armour         | 3 4 |  4.1

Action                     |  1- 3 |  4- 6 |  7- 9 || total
---------------------------+-------+-------+-------++-------
  Melee: Rapier            |    57 |       |       ||    57
         Bite              |    23 |    60 |    37 ||   120
         Dagger            |    46 |   185 |    90 ||   321
   Fire: Sling             |       |    30 |       ||    30
  Throw: Stone             |    10 |     4 |       ||    14
         Javelin           |       |       |     3 ||     3
  Evoke: Wand              |       |       |     4 ||     4
    Use: Potion            |       |     1 |       ||     1
   Stab: Sleeping          |       |     1 |     1 ||     2
         Paralysed         |       |       |     2 ||     2
 Armour: Scale mail        |    10 |       |       ||    10
         Ring mail         |    22 |    36 |    13 ||    71
  Dodge: Dodged            |    28 |    59 |    20 ||   107
  Block: Buckler           |    18 |    30 |    15 ||    63

Table legend: (Time is in decaauts)
 A = Elapsed time spent in this place.
 B = Non-inter-level travel time spent in this place.
 C = Inter-level travel time spent in this place.
 D = Time resting spent in this place.
 E = Time spent auto-exploring this place.
 F = Levels seen in this place.
 G = Mean time per level.
                   A        B        C        D        E       F      G
               +--------+--------+--------+--------+--------+-----+--------+
         Total |   3335 |   3178 |    157 |    106 |   2157 |   5 |  667.0 |
       Dungeon |   3335 |   3178 |    157 |    106 |   2157 |   5 |  667.0 |
               +--------+--------+--------+--------+--------+-----+--------+

Top non-repeatable levels by time:
     D:1: 864 daAuts
     D:4: 770 daAuts
     D:5: 683 daAuts
     D:3: 510 daAuts
     D:2: 506 daAuts
